SL
PHILADEPHIA 1776 BC @ VANCOUVER GREY WOLVES
08/19/2019
 
TOP OF THE 1ST
Philadephia 1776 BC batting - Pitching for Vancouver Grey Wolves : RHP Roger Garrett
Pitching: RHP Roger Garrett
Batting: LHB Manuel García 0-0: Hit by Pitch
Batting: RHB Toshitsugu Sakamoto 0-0: Ball
1-0: Called Strike
1-1: Ball
2-1: Foul Ball, location: 2F
2-2: Strikes out swinging
Batting: LHB Chris Nelson 0-0: Ball
Manuel García steals 2nd base
1-0: Called Strike
1-1: Fly out, F4 (Line Drive, 4)
Batting: RHB Chris Lowe 0-0: Ball
1-0: Called Strike
1-1: Fly out, F8 (Flyball, 8LD)
Top of the 1st over - 0 run(s), 0 hit(s), 0 error(s), 1 left on base; Philadephia 1776 0 - Vancouver 0
BOTTOM OF THE 1ST
Vancouver Grey Wolves batting - Pitching for Philadephia 1776 BC : RHP Jeff Territt
Pitching: RHP Jeff Territt
Batting: RHB Greg Robinson 0-0: Called Strike
0-1: Ball
1-1: Ground out 6-3 (Groundball, 6)
Batting: RHB Forest Simmons 0-0: Called Strike
0-1: Called Strike
0-2: Ground out 6-3 (Groundball, 6M)
Batting: RHB Luis Muńóz 0-0: Ball
1-0: Ball
2-0: Ground out 6-3 (Groundball, 6)
Bottom of the 1st over - 0 run(s), 0 hit(s), 0 error(s), 0 left on base; Philadephia 1776 0 - Vancouver 0
TOP OF THE 2ND
Philadephia 1776 BC batting - Pitching for Vancouver Grey Wolves : RHP Roger Garrett
Batting: RHB Brian O'Brian 0-0: Ball
1-0: Called Strike
1-1: Fly out, F7 (Line Drive, 78M)
Batting: SHB Matt Morris 0-0: Called Strike
0-1: Ball
1-1: Foul Ball, location: 2F
1-2: Ball
2-2: Ball
3-2: Base on Balls
Batting: RHB Lúcio Montoya 0-0: Ball
1-0: Ball
2-0: Ball
3-0: Called Strike
3-1: Called Strike
3-2: Strikes out swinging
Batting: RHB Manny Hernández 0-0: Ball
1-0: Swinging Strike
1-1: Ball
2-1: Ball
3-1: Fly out, F7 (Flyball, 7M)
Top of the 2nd over - 0 run(s), 0 hit(s), 0 error(s), 1 left on base; Philadephia 1776 0 - Vancouver 0
BOTTOM OF THE 2ND
Vancouver Grey Wolves batting - Pitching for Philadephia 1776 BC : RHP Jeff Territt
Batting: RHB Bertrand Sunter 0-0: Ball
1-0: Ball
2-0: Swinging Strike
2-1: Foul Ball, location: 2F
2-2: Foul Ball, location: 2F
2-2: Foul Ball, location: 2F
2-2: Foul Ball, location: 2F
2-2: Foul Ball, location: 2F
2-2: Ground out 5-3 (Groundball, 5)
Batting: SHB Gregg Wagner 0-0: Ball
1-0: Ball
2-0: Ground out 4-3 (Groundball, 4)
Batting: RHB John Huff 0-0: Called Strike
0-1: Ball
1-1: Ground out U3 (Groundball, 3S)
Bottom of the 2nd over - 0 run(s), 0 hit(s), 0 error(s), 0 left on base; Philadephia 1776 0 - Vancouver 0
TOP OF THE 3RD
Philadephia 1776 BC batting - Pitching for Vancouver Grey Wolves : RHP Roger Garrett
Batting: RHB Jeff Territt 0-0: Called Strike
0-1: Swinging Strike
0-2: Ground out 5-3 (Groundball, 56)
Batting: LHB Manuel García 0-0: Ground out 5-3 (Groundball, 56S)
Batting: RHB Toshitsugu Sakamoto 0-0: Ball
1-0: Ball
2-0: Ball
3-0: Called Strike
3-1: Foul Ball, location: 2F
3-2: SINGLE (Groundball, 34S)
Batting: LHB Chris Nelson 0-0: Called Strike
Toshitsugu Sakamoto steals 2nd base
0-1: Ball
1-1: Ball
2-1: Ball
3-1: Foul Ball, location: 2F
3-2: Ground out U3 (Groundball, 3L)
Top of the 3rd over - 0 run(s), 1 hit(s), 0 error(s), 1 left on base; Philadephia 1776 0 - Vancouver 0
BOTTOM OF THE 3RD
Vancouver Grey Wolves batting - Pitching for Philadephia 1776 BC : RHP Jeff Territt
Batting: SHB Dustin Tucker 0-0: Called Strike
0-1: Fly out, F2 (Popup, 2L)
Batting: RHB Roger Garrett 0-0: Fly out, F9 (Flyball, 89M)
Batting: LHB David Hubbard 0-0: Ball
1-0: Ball
2-0: Foul Ball, location: 2F
2-1: Ball
3-1: DOUBLE (Groundball, 5L)
Batting: RHB Greg Robinson 0-0: SINGLE (Flyball, 89S)
David Hubbard to third
Runner from 3rd tries for Home, SAFE, no throw or cutoff
Batting: RHB Forest Simmons 0-0: Called Strike
Greg Robinson steals 2nd base
0-1: Ball
1-1: DOUBLE (Flyball, 78XD)
Greg Robinson scores
Batting: RHB Luis Muńóz 0-0: Ball
1-0: Swinging Strike
1-1: Foul Ball, location: 2F
1-2: Foul Ball, location: 2F
1-2: Ball
2-2: Foul Ball, location: 2F
2-2: Strikes out swinging
Bottom of the 3rd over - 2 run(s), 3 hit(s), 0 error(s), 1 left on base; Philadephia 1776 0 - Vancouver 2
TOP OF THE 4TH
Philadephia 1776 BC batting - Pitching for Vancouver Grey Wolves : RHP Roger Garrett
Batting: RHB Chris Lowe 0-0: Ball
1-0: Called Strike
1-1: Ball
2-1: Foul Ball, location: 2F
2-2: Fly out, F7 (Flyball, 78S)
Batting: RHB Brian O'Brian 0-0: Ball
1-0: Called Strike
1-1: Called Strike
1-2: Strikes out looking
Batting: SHB Matt Morris 0-0: Fly out, F5 (Popup, 5)
Top of the 4th over - 0 run(s), 0 hit(s), 0 error(s), 0 left on base; Philadephia 1776 0 - Vancouver 2
BOTTOM OF THE 4TH
Vancouver Grey Wolves batting - Pitching for Philadephia 1776 BC : RHP Jeff Territt
Batting: RHB Bertrand Sunter 0-0: Ball
1-0: Called Strike
1-1: Ball
2-1: Foul Ball, location: 2F
2-2: Ball
3-2: Ground out 6-3 (Groundball, 6M)
Batting: SHB Gregg Wagner 0-0: Foul Ball, location: 2F
0-1: Swinging Strike
0-2: Foul Ball, location: 2F
0-2: Ground out 4-3 (Groundball, 4)
Batting: RHB John Huff 0-0: Called Strike
0-1: Ball
1-1: Ball
2-1: SINGLE (Groundball, 56D)
Batting: SHB Dustin Tucker 0-0: Ball
1-0: Ball
2-0: Ball
3-0: Called Strike
3-1: Called Strike
3-2: Strikes out swinging
Bottom of the 4th over - 0 run(s), 1 hit(s), 0 error(s), 1 left on base; Philadephia 1776 0 - Vancouver 2
TOP OF THE 5TH
Philadephia 1776 BC batting - Pitching for Vancouver Grey Wolves : RHP Roger Garrett
Batting: RHB Lúcio Montoya 0-0: Ball
1-0: Called Strike
1-1: Ball
2-1: Ball
3-1: Foul Ball, location: 2F
3-2: Fly out, F8 (Flyball, 89M)
Batting: RHB Manny Hernández 0-0: Called Strike
0-1: Ball
1-1: Ball
2-1: Foul Ball, location: 2F
2-2: Ball
3-2: Ground out 4-3 (Groundball, 4)
Batting: RHB Jeff Territt 0-0: Called Strike
0-1: Ball
1-1: Ball
2-1: Ball
3-1: Base on Balls
Batting: LHB Manuel García 0-0: Called Strike
0-1: Ball
1-1: Ball
2-1: Ball
3-1: Called Strike
3-2: TRIPLE (Line Drive, 78M)
Jeff Territt scores
Batting: RHB Toshitsugu Sakamoto 0-0: Fly out, F9 (Flyball, 89D)
Top of the 5th over - 1 run(s), 1 hit(s), 0 error(s), 1 left on base; Philadephia 1776 1 - Vancouver 2
BOTTOM OF THE 5TH
Vancouver Grey Wolves batting - Pitching for Philadephia 1776 BC : RHP Jeff Territt
Batting: RHB Roger Garrett 0-0: Foul Ball, location: 2F
0-1: Ball
1-1: Ball
2-1: Ball
3-1: Foul Ball, location: 2F
3-2: Ground out 4-3 (Groundball, 34)
Batting: LHB David Hubbard 0-0: Called Strike
0-1: Foul Ball, location: 2F
0-2: SINGLE (Groundball, 34D)
Batting: RHB Greg Robinson 0-0: Ball
David Hubbard steals 2nd base
1-0: Ball
2-0: Swinging Strike
2-1: Swinging Strike
2-2: Fly out, F4 (Line Drive, 4)
Batting: RHB Forest Simmons 0-0: Fly out, F2 (Popup, 2RF)
Bottom of the 5th over - 0 run(s), 1 hit(s), 0 error(s), 1 left on base; Philadephia 1776 1 - Vancouver 2
TOP OF THE 6TH
Philadephia 1776 BC batting - Pitching for Vancouver Grey Wolves : RHP Roger Garrett
Batting: LHB Chris Nelson 0-0: Called Strike
0-1: Ball
1-1: Swinging Strike
1-2: Ball
2-2: Foul Ball, location: 2F
2-2: Strikes out swinging
Batting: RHB Chris Lowe 0-0: Ball
1-0: Foul Ball, location: 2F
1-1: Ball
2-1: Foul Ball, location: 2F
2-2: Foul Ball, location: 2F
2-2: Strikes out swinging
Batting: RHB Brian O'Brian 0-0: Ball
1-0: Ball
2-0: DOUBLE (Line Drive, 5D)
Batting: SHB Matt Morris 0-0: Foul Ball, location: 2F
0-1: Ball
1-1: Ball
2-1: Foul Ball, location: 2F
2-2: Strikes out swinging
Top of the 6th over - 0 run(s), 1 hit(s), 0 error(s), 1 left on base; Philadephia 1776 1 - Vancouver 2
BOTTOM OF THE 6TH
Vancouver Grey Wolves batting - Pitching for Philadephia 1776 BC : RHP Jeff Territt
Batting: RHB Luis Muńóz 0-0: DOUBLE (Flyball, 78D)
Batting: RHB Bertrand Sunter 0-0: Called Strike
0-1: SINGLE (Line Drive, 56D)
Luis Muńóz to third
Batting: SHB Gregg Wagner 0-0: Called Strike
0-1: Foul Ball, location: 2F
0-2: Foul Ball, location: 2F
0-2: Ground out U3 (Groundball, 3S)
Bertrand Sunter to second
Batting: RHB John Huff 0-0: Ball
1-0: Fly out, F8 (Flyball, 8LD)
Runner from 3rd tags up, SCORES, no throw
Batting: SHB Dustin Tucker 0-0: Intentional Walk
Batting: RHB Roger Garrett 0-0: Ball
1-0: Ball
2-0: Fielders Choice at 2nd, U4 (Groundball, 4M)
Bottom of the 6th over - 1 run(s), 2 hit(s), 0 error(s), 2 left on base; Philadephia 1776 1 - Vancouver 3
TOP OF THE 7TH
Philadephia 1776 BC batting - Pitching for Vancouver Grey Wolves : RHP Roger Garrett
Batting: RHB Lúcio Montoya 0-0: Ball
1-0: Ball
2-0: Ball
3-0: Base on Balls
Batting: RHB Manny Hernández 0-0: Foul Ball, location: 2F
0-1: Ball
1-1: Ground out 3-1 (Groundball, 34)
Lúcio Montoya to second
Pinch Hitting: LHB John Boone 0-0: Fly out, F8 (Flyball, 8LXD)
Runner from 2nd tags up, SAFE at 3rd, no throw
Batting: LHB Manuel García 0-0: Ball
1-0: Swinging Strike
1-1: Foul Ball, location: 2F
1-2: Ball
2-2: Strikes out swinging
Top of the 7th over - 0 run(s), 0 hit(s), 0 error(s), 1 left on base; Philadephia 1776 1 - Vancouver 3
BOTTOM OF THE 7TH
Vancouver Grey Wolves batting - Pitching for Philadephia 1776 BC : RHP Jeff Territt
Pitching: LHP Jeffrey Little
Batting: LHB David Hubbard 0-0: Ball
1-0: Called Strike
1-1: Ball
2-1: Swinging Strike
2-2: Ball
3-2: Strikes out swinging
Pitching: RHP Alberto Ortíz
Batting: RHB Greg Robinson 0-0: Ball
1-0: Ball
2-0: SINGLE (Flyball, 9S)
Batting: RHB Forest Simmons 0-0: DOUBLE (Groundball, 5L)
Greg Robinson to third
Runner from 3rd tries for Home, SAFE, no throw or cutoff
Batting: RHB Luis Muńóz 0-0: Intentional Walk
Batting: RHB Bertrand Sunter Reached via error on a dropped throw, E3
Forest Simmons to third
Luis Muńóz to second
Batting: SHB Gregg Wagner 0-0: Ball
1-0: DOUBLE (Flyball, 89XD)
Forest Simmons scores
Luis Muńóz scores
Bertrand Sunter to third
Pitching: LHP Jason Dudley
Batting: RHB John Huff 0-0: Called Strike
0-1: Ball
1-1: 3-RUN HOME RUN (Flyball, 7D), Distance : 367 ft
Batting: SHB Dustin Tucker 0-0: Foul Ball, location: 2F
0-1: Ball
1-1: Ground out 5-3 (Groundball, 5)
Pinch Hitting: RHB Dave Knight 0-0: Foul Ball, location: 2F
0-1: Ball
1-1: Ball
2-1: Ball
3-1: Base on Balls
Batting: LHB David Hubbard 0-0: Ball
1-0: Called Strike
1-1: Fly out, F4 (Line Drive, 4)
Bottom of the 7th over - 6 run(s), 4 hit(s), 1 error(s), 1 left on base; Philadephia 1776 1 - Vancouver 9
TOP OF THE 8TH
Philadephia 1776 BC batting - Pitching for Vancouver Grey Wolves : RHP Roger Garrett
Pitching: RHP David Phillips
Batting: RHB Toshitsugu Sakamoto 0-0: Ball
1-0: Called Strike
1-1: Ball
2-1: Ball
3-1: Foul Ball, location: 2F
3-2: Foul Ball, location: 2F
3-2: Foul Ball, location: 2F
3-2: Fly out, F9 (Flyball, 89D)
Batting: LHB Chris Nelson 0-0: Foul Ball, location: 2F
0-1: Ball
1-1: Ball
2-1: Called Strike
2-2: DOUBLE (Flyball, 78XD)
Batting: RHB Chris Lowe 0-0: Ball
1-0: Ball
2-0: Ball
3-0: Called Strike
3-1: Base on Balls
Batting: RHB Brian O'Brian 0-0: Ball
1-0: Called Strike
1-1: Ball
2-1: Fly out, F4 (Flyball, 9S)
Batting: SHB Matt Morris 0-0: Called Strike
0-1: Ball
1-1: Called Strike
1-2: Ball
2-2: Ball
3-2: Foul Ball, location: 2F
3-2: Foul Ball, location: 2F
3-2: SINGLE (Groundball, 3D)
Chris Nelson to third
Chris Lowe to second
Chris Nelson scores
Chris Lowe to third
Batting: RHB Lúcio Montoya 0-0: Called Strike
0-1: Fly out, F8 (Flyball, 78M)
Top of the 8th over - 1 run(s), 2 hit(s), 0 error(s), 2 left on base; Philadephia 1776 2 - Vancouver 9
BOTTOM OF THE 8TH
Vancouver Grey Wolves batting - Pitching for Philadephia 1776 BC : LHP Jason Dudley
Batting: RHB Greg Robinson 0-0: Ball
1-0: Ball
2-0: Ball
3-0: Base on Balls
Batting: RHB Forest Simmons 0-0: Grounds into double play, 6-4-3 (Groundball, 6)
Batting: RHB Luis Muńóz 0-0: Called Strike
0-1: Ball
1-1: Ground out 4-3 (Groundball, 4M)
Bottom of the 8th over - 0 run(s), 0 hit(s), 0 error(s), 0 left on base; Philadephia 1776 2 - Vancouver 9
TOP OF THE 9TH
Philadephia 1776 BC batting - Pitching for Vancouver Grey Wolves : RHP David Phillips
Pitching: LHP Pat Horton
Batting: RHB Manny Hernández 0-0: Ball
1-0: Swinging Strike
1-1: SINGLE (Line Drive, 78S)
Pinch Hitting: RHB Yuji Ine 0-0: Called Strike
0-1: Ball
1-1: Ball
2-1: Foul Ball, location: 2F
2-2: Strikes out looking
Batting: LHB Manuel García 0-0: Called Strike
0-1: Ball
1-1: Ball
2-1: Fly out, F5 (Popup, 25)
Batting: RHB Toshitsugu Sakamoto 0-0: Ball
1-0: Ball
2-0: Foul Ball, location: 2F
2-1: Ball
3-1: Fly out, F3 (Popup, 3F)
Top of the 9th over - 0 run(s), 1 hit(s), 0 error(s), 1 left on base; Philadephia 1776 2 - Vancouver 9
This league is powered by Out of the Park Baseball, the baseball management simulation game for PC, Mac and Linux
Saturday, July 25th, 2015 - OOTP Baseball 15.6 Build 34